 Dungeon Crawl Stone Soup version 0.27-a0-1278-g6cbc8dfb29 (webtiles) character file.

Game seed: 9937101896883519274

101921 rabbitsville the Impaler (level 16, -12/127 HPs)
             Began as a Merfolk Fighter on June 12, 2021.
             Was a High Priest of Qazlal.
             Blown up by a cacodemon (17 damage)
             ... with a bolt of energy
             ... on level 2 of the Abyss on June 13, 2021.
             The game lasted 04:32:02 (31293 turns).

rabbitsville the Impaler (Merfolk Fighter)         Turns: 31293, Time: 04:32:02

Health: -12/127    AC: 18    Str: 28    XL:     16   Next: 31%
Magic:  18/25      EV:  8    Int:  8    God:    Qazlal [*****.]
Gold:   2367       SH: 27    Dex: 14    Spells: 21/21 levels left

rFire    + . .     SeeInvis +   m - +4 trident (freeze)
rCold    + . .     Faith    .   c - +0 kite shield
rNeg     . . .     Spirit   .   b - +3 chain mail {rPois}
rPois    +         Reflect  +   E - +1 hat
rElec    .         Harm     .   j - scarf {rC+ rF+}
rCorr    .         Rampage  .   p - +1 pair of gloves
Will     +....                  r - +0 pair of boots
Stlth    ..........             h - amulet of reflection
HPRegen  0.31/turn              e - +6 ring of strength
MPRegen  0.19/turn              U - ring of see invisible

@: protected from physical damage, very slightly contaminated, invisible, repel
missiles
A: (nimble swimmer 2), mertail
a: Renounce Religion, Upheaval, Elemental Force, Disaster Area


You were on level 2 of the Abyss.
You worshipped Qazlal.
Qazlal was extremely pleased with you.
You visited 5 branches of the dungeon, and saw 18 of its levels.
You visited the Abyss 1 time.

You collected 3368 gold pieces.
You spent 1001 gold pieces at shops.

Inventory:

Hand Weapons
 m - a +4 trident of freezing (weapon)
 t - a +0 trident of venom
 F - a +1 scythe of protection
Missiles
 g - 42 poisoned darts (quivered)
 o - 4 boomerangs of dispersal
Armour
 b - a +3 chain mail of poison resistance (worn)
 c - a +0 kite shield (worn)
 j - a scarf of resistance (worn)
 p - a +1 pair of gloves (worn)
 r - a +0 pair of boots (worn)
 E - a +1 hat (worn)
Magical Staves
 I - a staff of earth
Jewellery
 e - a +6 ring of strength (left hand)
 h - an amulet of reflection (around neck)
 y - an amulet of regeneration
 L - the ring of Veovvy {rC+ rN+}
   (You took it off an orc warrior on level 2 of the Orcish Mines)

   [ring of protection from cold]

   It protects you from cold.
   It protects you from negative energy.
 R - a ring of protection from fire
 S - a ring of flight
 U - a ring of see invisible (right hand)
Wands
 q - a wand of polymorph (38)
 G - a wand of flame (16)
 M - a wand of acid (18)
 O - a wand of mindburst (35)
 Z - a wand of paralysis (6)
Scrolls
 a - 4 scrolls of teleportation
 k - 3 scrolls of magic mapping
 w - a scroll of immolation
 z - 2 scrolls of amnesia
 A - 2 scrolls of fog
 B - 2 scrolls of enchant weapon
 C - 3 scrolls of vulnerability
 D - 2 scrolls of brand weapon
 Q - a scroll of fear
 T - 3 scrolls of blinking
Potions
 d - a potion of might
 f - 2 potions of haste
 i - 4 potions of mutation
 l - 2 potions of curing
 s - 3 potions of flight
 u - 3 potions of berserk rage
 v - 3 potions of brilliance
 x - 2 potions of lignification
 J - 3 potions of attraction
 K - a potion of magic {unknown}
 N - a potion of cancellation {unknown}
 V - a potion of resistance
 X - a potion of ambrosia {unknown}


   Skills:
 + Level 11.8 Fighting
 + Level 15.7 Polearms
 + Level 11.1 Throwing
 - Level 2.1 Armour
 - Level 15.0 Shields
 - Level 3.1 Spellcasting
 + Level 12.0 Invocations


You had 21 spell levels left.
You didn't know any spells.
Your spell library contained the following spells:

 Spells                   Type           Power      Damage    Failure   Level
 Animate Skeleton         Necr           2%         N/A       88%         1
 Apportation              Tloc           2%         N/A       88%         1
 Beastly Appendage        Tmut           2%         N/A       88%         1
 Corona                   Hex            1%         N/A       88%         1
 Shock                    Conj/Air       4%         1d3       88%         1
 Sting                    Tmut/Pois      4%         1d3       88%         1
 Summon Small Mammal      Summ           4%         N/A       88%         1
 Ensorcelled Hibernation  Hex/Ice        2%         N/A       96%         2
 Poisonous Vapours        Pois/Air       2%         N/A       96%         2
 Static Discharge         Conj/Air       1%         N/A       96%         2
 Wereblood                Tmut           1%         N/A       96%         2
 Confusing Touch          Hex            1%         N/A       99%         3
 Dazzling Flash           Conj/Hex       2%         N/A       99%         3
 Ignite Poison            Fire/Tmut/Pois 1%         N/A       99%         3
 Mephitic Cloud           Conj/Pois/Air  1%         N/A       99%         3
 Spider Form              Tmut/Pois      0%         N/A       99%         3
 Swiftness                Air            1%         N/A       99%         3
 Tukima's Dance           Hex            1%         N/A       99%         3
 Airstrike                Air            0%         N/A       100%        4
 Ice Form                 Ice/Tmut       1%         N/A       100%        4
 Olgreb's Toxic Radiance  Pois           1%         N/A       100%        4
 Summon Lightning Spire   Summ/Air       1%         N/A       100%        4
 Lightning Bolt           Conj/Air       0%         1d11      100%        5
 Silence                  Hex/Air        0%         N/A       100%        5
 Conjure Ball Lightning   Conj/Air       0%         3x3d6     100%        6
 Storm Form               Tmut/Air       0%         N/A       100%        7


Dungeon Overview and Level Annotations

Branches:
Dungeon (12/15)            Temple (1/1) D:5            Lair (1/6) D:8
    Orc (2/2) D:12            Elf (2/3) Orc:2

Altars:
Ashenzari
Cheibriados
Dithmenos
Elyvilon
Fedhas
Gozag
Hepliaklqana
Kikubaaqudgha
Makhleb
Nemelex Xobeh
Okawaru
Qazlal
Ru
Sif Muna
Trog
Uskayaw
Vehumet
Wu Jian
Xom
Yredelemnul
Zin
The Shining One
Beogh

Shops:
D:3 *   D:5 :   D:9 *   D:12 *   Orc:2 [(!*   Elf:1 *

Annotations:
D:9 3 runed translucent doors, Vylera's ghost, journeyman DsIE
D:10 1 runed translucent door, Demosthentine's ghost, journeyman MfGl; Fannar
Lair:1 Harold; Urug


Innate Abilities, Weirdness & Mutations

((You are quick and stealthy near water. (Stealth+, EV+, Speed+++)))
Your lower body shifts to a powerful aquatic tail in water.


Message History

Your sun demon is severely wounded.
Your sun demon dissolves into shadows!
The cutting wind hits the sixfirhy!!!
You kill the sixfirhy!
Qazlal accepts your kill.
The cutting wind hits the worldbinder!!!
The worldbinder is almost destroyed.
The blast of ice hits the manticore!!
You kill the manticore!
The manticore's corpse disappears in a puff of smoke!
The blast of ice hits the worldbinder!
You destroy the worldbinder!
Qazlal accepts your kill.
The blast of magma engulfs your spatial maelstrom!!
Your spatial maelstrom partially resists.
Your spatial maelstrom is moderately damaged.
Your spatial maelstrom dissolves into shadows!
You hear a sizzling sound!
The blast of ice hits your raiju!!
Your raiju is severely wounded.
Your raiju is flash-frozen.
Your raiju dissolves into shadows!
The blast of ice hits your small abomination!!
You destroy your small abomination!
Qazlal accepts your kill.
You feel a bit more experienced. The blast of rubble hits your raiju!!
Your raiju is severely wounded.
Your raiju dissolves into shadows!
The blast of rubble hits your raiju!
Your raiju is moderately wounded.
Your raiju dissolves into shadows!
The cutting wind hits your raiju!!
Your raiju is heavily wounded.
Your raiju dissolves into shadows!
The blast of magma engulfs the cacodemon!
The cacodemon is lightly wounded.
You hear a sizzling sound!
You carefully extract the barbed spikes from your body.
The cacodemon gestures at you. The bolt of energy hits you!
You die...

.# ... # .#
...... #.#..
.##..#..
.#..# ..
3##3#.#..
#.#3 2§#.# .#
###≈..# .
#3.## ≈#.#
.≈.
#.#.#§#..#..#
#x##.§§.@..#
## #.§§#≈..#
##.#.#§§....
#..##.§#.##
#### ### ..
##


You could see a cacodemon and a sixfirhy.

Vanquished Creatures
  Jorgrun (D:12)
  Gastronok (D:9)
  An orc warlord (Orc:2)
  A deep elf elementalist (Elf:1)
  A deep elf annihilator (Orc:2)
  An ettin (Orc:1)
  2 hydras
  7 two-headed ogres
  6 orc high priests
  Sonja (D:10)
  2 deep elf knights (Elf:1)
  2 sixfirhies (Abyss:2)
  A storm dragon skeleton (Abyss:2)
  A deep elf archer (Elf:2)
  4 orc knights
  8 deep elf pyromancers
  6 orc sorcerers
  4 manticores
  5 deep elf zephyrmancers
  3 cyclopes
  A worldbinder (Abyss:2)
  Maurice (Orc:1)
  2 gargoyles
  2 kobold demonologists (D:12)
  Psyche (D:10)
  2 hellwings (D:11)
  2 trolls
  2 blink frogs
  A shadow (D:10)
  A vampire (D:10)
  A water elemental (Elf:1)
  A wraith (D:9)
  Sigmund (D:3)
  7 humans (D:7)
  26 yaks
  Grum (D:9)
  2 wyverns (D:9)
  A steam dragon (D:9)
  4 vampire mosquitoes (D:12)
  9 wargs
  Edmund (D:5)
  2 acid dragons
  2 water moccasins
  4 hell hounds (Abyss:2)
  51 orc warriors
  A black bear (D:5)
  Purgy (D:2)
  A sky beast (D:8)
  An ice beast (D:7)
  15 ogres
  7 centaurs
  2 phantoms
  3 wolves (D:9)
  2 kobold brigands (D:5)
  2 bullfrogs (D:8)
  2 gnoll sergeants
  2 scorpions
  A wyvern zombie (D:6)
  A water moccasin zombie (D:6)
  2 water moccasin skeletons
  A wyvern skeleton (D:7)
  3 howler monkeys (D:9)
  4 wights (D:6)
  10 centaur zombies
  4 bullfrog zombies (D:6)
  29 orc priests
  8 hounds
  A gnoll shaman (D:6)
  A jelly (D:7)
  Jessica (D:3)
  6 centaur skeletons
  7 iguanas
  23 orc wizards
  A hound zombie (D:5)
  2 howler monkey zombies (D:6)
  8 gnolls
  3 howler monkey skeletons
  12 adders
  3 shadow imps (D:11)
  2 ufetubi
  2 worms
  2 dart slugs
  113 orcs
  5 endoplasms
  A giant cockroach (D:3)
  16 goblins
  10 hobgoblins
  5 jackals
  4 quokkas
  3 ball pythons
  7 bats
  5 kobolds
  5 rats
536 creatures vanquished.

Vanquished Creatures (others)
  A deep elf knight (Elf:1)
  A wizard (D:10)
  A deep elf pyromancer (Elf:1)
  An orc (Orc:2)
  3 fungi (D:10)
  36 plants
  13 withered plants
56 creatures vanquished.

Grand Total: 592 creatures vanquished

Notes
Turn   | Place    | Note
-------+----------+-------------------------------------------
     0 | D:1      | rabbitsville the Merfolk Fighter began the quest for the
                  | Orb.
     0 | D:1      | Reached XP level 1. HP: 18/18 MP: 1/1
   118 | D:1      | Reached XP level 2. HP: 16/24 MP: 2/2
  1124 | D:2      | Reached XP level 3. HP: 29/29 MP: 3/3
  1645 | D:2      | Found a faded altar of an unknown god.
  1682 | D:2      | Reached skill level 5 in Polearms
  2351 | D:2      | Reached XP level 4. HP: 35/35 MP: 4/4
  3464 | D:3      | Found Gaskagaf's General Store.
  3472 | D:3      | Bought a potion of mutation for 96 gold pieces
  3498 | D:3      | Reached XP level 5. HP: 36/41 MP: 5/5
  3670 | D:3      | Noticed Jessica
  3679 | D:3      | Killed Jessica
  3933 | D:3      | Noticed Sigmund
  3993 | D:3      | Noticed Purgy
  4972 | D:3      | Found a shimmering altar of Xom.
  5372 | D:3      | Reached XP level 6. HP: 47/47 MP: 6/6
  5488 | D:4      | Found a stormy altar of Qazlal.
  5528 | D:4      | Became a worshipper of Qazlal Stormbringer
  7914 | D:2      | Killed Purgy
  7915 | D:2      | Reached skill level 1 in Spellcasting
  8197 | D:5      | Entered Level 5 of the Dungeon
  8197 | D:5      | Found Jawaic's Book Emporium.
  8207 | D:5      | Reached XP level 7. HP: 52/52 MP: 9/9
  8280 | D:5      | Found a large runed translucent door.
  8283 | D:5      | Found a large runed translucent door.
  8305 | D:5      | Noticed Edmund
  8450 | D:5      | Reached skill level 5 in Shields
  8465 | D:5      | Found a shimmering blue altar of Sif Muna.
  9108 | D:5      | Found a staircase to the Ecumenical Temple.
  9120 | Temple   | Entered the Ecumenical Temple
 10278 | D:6      | Reached XP level 8. HP: 42/58 MP: 11/11
 10312 | D:6      | Reached skill level 10 in Polearms
 10840 | D:6      | Reached * piety under Qazlal
 11132 | D:6      | Found a hide-covered altar of Uskayaw.
 11215 | D:6      | Reached XP level 9. HP: 48/64 MP: 13/13
 11457 | D:6      | You fall into a shaft and drop 2 floors!
 11457 | D:8      | Found a staircase to the Lair.
 11464 | Lair:1   | Entered Level 1 of the Lair of Beasts
 11474 | Lair:1   | Noticed Harold
 12015 | D:7      | Found an opulent altar of Gozag.
 12064 | D:7      | Reached skill level 1 in Throwing
 12064 | D:7      | Reached skill level 1 in Invocations
 12079 | D:6      | Reached ** piety under Qazlal
 12670 | D:5      | Reached XP level 10. HP: 73/73 MP: 14/14
 12774 | D:5      | Found a shimmering altar of Xom.
 12924 | D:3      | Killed Sigmund
 12925 | D:3      | Reached skill level 5 in Fighting
 12996 | D:5      | Killed Edmund
 13179 | D:5      | Found a shadowy altar of Dithmenos.
 13440 | D:6      | Upgraded the game from 0.27-a0-1273-gec92ba881d to
                  | 0.27-a0-1278-g6cbc8dfb29
 13543 | D:7      | Found an iron altar of Okawaru.
 15174 | Lair:1   | Noticed a four-headed hydra
 15233 | D:9      | Found a runed translucent gate.
 15233 | D:9      | Found a runed translucent gate.
 15233 | D:9      | Found a runed translucent gate.
 15234 | D:9      | Noticed Vylera's ghost (journeyman DsIE)
 15291 | D:9      | Noticed a cyclops
 15421 | D:9      | Found Meqeth's General Store.
 15479 | D:9      | Reached *** piety under Qazlal
 15495 | D:9      | Reached skill level 5 in Invocations
 15555 | D:9      | Reached XP level 11. HP: 68/83 MP: 15/15
 15615 | D:9      | Noticed a cyclops
 15625 | D:9      | Noticed Gastronok
 15729 | D:8      | Killed a four-headed hydra
 15730 | D:8      | Reached skill level 5 in Throwing
 15990 | Lair:1   | Noticed Urug
 16095 | D:9      | Killed a cyclops
 16254 | D:9      | HP: 2/83 [Gastronok/the air (19)]
 16259 | D:9      | Killed Gastronok
 16260 | D:9      | Reached skill level 10 in Shields
 16609 | D:9      | Noticed Grum
 16619 | D:9      | Killed Grum
 16716 | D:9      | Bought a scroll of brand weapon for 240 gold pieces
 17029 | D:9      | Killed a cyclops
 17118 | D:9      | Noticed a two-headed ogre
 17125 | D:9      | Killed a two-headed ogre
 17820 | D:9      | Bought a potion of heal wounds for 60 gold pieces
 17820 | D:9      | Bought a scroll of fear for 42 gold pieces
 17973 | D:10     | Entered Level 10 of the Dungeon
 18014 | D:10     | Found a white marble altar of Elyvilon.
 18200 | D:10     | Found a bloodstained altar of Trog.
 18200 | D:10     | Noticed Psyche
 18204 | D:10     | Killed Psyche
 18205 | D:10     | Noticed a wizard
 18207 | D:10     | Killed a wizard
 18281 | D:10     | Noticed Fannar
 18777 | D:10     | Found a glowing golden altar of the Shining One.
 18859 | D:10     | Noticed Sonja
 18889 | D:10     | Killed Sonja
 18890 | D:10     | Reached XP level 12. HP: 88/92 MP: 17/17
 19448 | D:10     | Found a runed translucent door.
 19449 | D:10     | Noticed Demosthentine's ghost (journeyman MfGl)
 19766 | D:11     | Noticed a two-headed ogre
 19783 | D:11     | Killed a two-headed ogre
 20112 | D:11     | Noticed a two-headed ogre
 20124 | D:11     | Killed a two-headed ogre
 21009 | D:12     | Noticed a four-headed hydra
 21019 | D:12     | Killed a four-headed hydra
 21212 | D:12     | Found a glowing silver altar of Zin.
 21212 | D:12     | Found Zin's Purification Station.
 21251 | D:12     | Identified the +4 leather armour of Piuplug {rC+ rN+ Dex+4}
 21417 | D:12     | Reached **** piety under Qazlal
 21762 | D:12     | Reached XP level 13. HP: 100/101 MP: 19/19
 21786 | D:12     | Found a staircase to the Orcish Mines.
 22875 | Orc:1    | Entered Level 1 of the Orcish Mines
 23363 | Orc:1    | Noticed Jorgrun
 23697 | D:12     | Reached skill level 10 in Fighting
 24368 | D:12     | Killed Jorgrun
 24608 | D:12     | Reached XP level 14. HP: 110/110 MP: 21/21
 24609 | D:12     | Reached skill level 15 in Shields
 24609 | D:12     | Reached skill level 10 in Invocations
 24609 | D:12     | Reached XP level 15. HP: 115/115 MP: 22/22
 24929 | Orc:1    | Noticed Maurice
 24972 | Orc:1    | Killed Maurice
 25107 | Orc:1    | Paralysed by an orc sorcerer for 2 turns
 25494 | Orc:2    | Entered Level 2 of the Orcish Mines
 25626 | Orc:2    | Reached ***** piety under Qazlal
 26220 | Orc:2    | Reached skill level 10 in Throwing
 26371 | Orc:2    | Identified the ring of Veovvy {rC+ rN+}
 26861 | Orc:2    | Noticed an orc warlord
 26964 | Orc:2    | Killed an orc warlord
 27254 | Orc:2    | Found Pitoigg's Antique Weapon Shop.
 27933 | Orc:2    | Found Medulioch's Armour Shoppe.
 27947 | Orc:2    | Bought a +0 pair of boots for 49 gold pieces
 28334 | Orc:2    | Reached skill level 15 in Polearms
 28499 | Orc:2    | Reached ****** piety under Qazlal
 28620 | Orc:2    | Found Piheoteg's General Store.
 28628 | Orc:2    | Bought a potion of resistance for 130 gold pieces
 28641 | Orc:2    | Found Fuymetil's Distillery.
 28648 | Orc:2    | Bought a potion of haste for 140 gold pieces
 28648 | Orc:2    | Bought a potion of invisibility for 112 gold pieces
 28857 | Orc:2    | Paralysed by an orc sorcerer for 2 turns
 28865 | Orc:2    | Reached XP level 16. HP: 125/125 MP: 24/24
 28914 | Orc:2    | Found a staircase to the Elven Halls.
 28926 | Elf:1    | Entered Level 1 of the Elven Halls
 29806 | Elf:1    | Found Gosif's Assorted Antiques.
 29967 | Elf:1    | Bought a scroll of identify for 66 gold pieces
 29967 | Elf:1    | Bought a scroll of identify for 66 gold pieces
 29971 | Elf:1    | Identified 2 scrolls of acquirement
 29972 | Elf:1    | Acquired 997 gold pieces
 29976 | Elf:1    | Acquired 776 gold pieces
 31173 | Elf:1    | Cast into level 2 of the Abyss (a deep elf sorcerer)
 31173 | Abyss:2  | Found a corrupted altar of Lugonu.
 31291 | Abyss:2  | HP: 5/127 [/a scroll of torment (3)]
 31293 | Abyss:2  | Blown up by a cacodemon

Illustrated notes

Levels and vault maps discovered:
D:1:      minmay_arrival_glassed_features, layout_loops_corners, chequers_jeans
D:2:      cheibrodos_greedy_goblins, layout_basic,
          hellmonk_ecumenical_altar_zigzags, kennysheep_decorative_pillar,
          minivault_5
D:3:      layout_loops_cross, lemuel_round_altar, serial_shops, shop,
          dk_vineyard_1, kennysheep_generic_room_2, uniq_sigmund, uniq_jessica,
          uniq_purgy
D:4:      layout_rooms, old_standard_altar, st_stairs_12,
          kennysheep_nondescript, minmay_close_crescents
D:5:      due_chaos_kobolds, layout_cave_pools, amcnicky_altar_gilded,
          lemuel_doored_altar, minmay_temple_entry_junction, serial_shops,
          shop_statue, grunt_ministairs_15, uniq_edmund
D:6:      layout_cave_pools, general_overflow_altar, serial_undead,
          serial_undead_b, serial_undead_b, serial_undead_d, serial_undead_c,
          serial_undead_e, grunt_decor_junction, minmay_joined_circles
D:7:      layout_cave_pools, marbit_many_paths, okawaru_humans, minmay_ruffians
D:8:      layout_basic, erik_lair_orcish_takeover
D:9:      minmay_razor_zed, layout_basic, serial_bayou, serial_bayou_lagoon_a,
          gammafunk_ghost_spectres, serial_shops, shop, hangedman_decor_lopped,
          uniq_gastronok, uniq_grum
D:10:     layout_irregular_city, trog_wizard, elyvilon_altar_1,
          lemuel_crystal_altar, ebering_ghost_funeral_grove, uniq_fannar,
          uniq_psyche, uniq_sonja
D:11:     cheibrodos_grave_circle, layout_irregular_city
D:12:     layout_long_grid, erik_orc_3, minmay_misc_feat_rugged, zin_purify
Temple:   nicolae_temple_hex_pool
Lair:1:   layout_loops_ring, basic_altar, serial_bayou_crossing,
          serial_bayou_shore_b, grunt_megastairs_5, serial_bayou_shore_b,
          uniq_urug, uniq_erica, uniq_harold
Orc:1:    layout_caves, uniq_jorgrun, uniq_maurice
Orc:2:    pubby_orc_utopia
Elf:1:    eino_elf_arrival_customs, layout_onion_city, serial_shops, shop,
          hangedman_corner_corridor
Elf:2:    layout_geoelf_octagon, serial_shops, nicolae_shop_waterfront,
          nicolae_elf_stone_circles, uniq_nikola
Abyss:2:  base: Depths:1, hangedman_abyss_theft

Skill      XL: |  1  2  3  4  5  6  7  8  9 10 11 12 13 14 15 16 |
---------------+-------------------------------------------------+-----
Polearms       | 4 5 6 7 8 9 12 14 15 | 15.7
Shields        | 4 5 7 9 11 12 14 15 | 15.0
Spellcasting   | 1 2 3 |  3.1
Throwing       | 2 4 6 8 9 10 11 | 11.1
Invocations    | 3 5 7 8 9 10 11 12 | 12.0
Fighting       | 4 6 8 9 10 11 | 11.8
Armour         | |  2.1

Action                   |  1- 3 |  4- 6 |  7- 9 | 10-12 | 13-15 | 16-18 || total
-------------------------+-------+-------+-------+-------+-------+-------++-------
Melee: Trident           |   102 |   194 |   386 |   691 |   703 |   192 ||  2268
       Short sword       |       |     8 |    10 |       |       |       ||    18
Throw: Dart              |       |    30 |    11 |   110 |    85 |    11 ||   247
Invok: Upheaval          |       |       |       |     3 |     3 |       ||     6
       Disaster Area     |       |       |       |       |       |     1 ||     1
  Use: Scroll            |       |     4 |     8 |     4 |     8 |    10 ||    34
       Potion            |       |       |     5 |     5 |     2 |     3 ||    15
Armor: Scale mail        |    34 |    23 |       |       |       |       ||    57
       Plate armour      |       |    98 |   143 |    87 |    37 |       ||   365
       Chain mail        |       |       |       |       |     7 |    31 ||    38
Dodge: Dodged            |    24 |    47 |    47 |    48 |    36 |    18 ||   220
       Repelled          |       |       |       |       |     1 |     1 ||     2
Block: Kite shield       |    32 |   228 |   333 |   428 |   392 |   152 ||  1565
       Reflection        |       |     4 |    12 |    30 |    16 |    15 ||    77

Table legend: (Time is in decaauts)
 A = Elapsed time spent in this place.
 B = Non-inter-level travel time spent in this place.
 C = Inter-level travel time spent in this place.
 D = Time resting spent in this place.
 E = Time spent auto-exploring this place.
 F = Levels seen in this place.
 G = Mean time per level.
                   A        B        C        D        E       F      G
               +--------+--------+--------+--------+--------+-----+--------+
         Total |  30759 |  29884 |    875 |  10166 |    864 |  19 | 1618.9 |
       Dungeon |  24161 |  23289 |    872 |   8138 |    448 |  12 | 2013.4 |
        Temple |    469 |    469 |      0 |    368 |     54 |   1 |  469.0 |
          Lair |     38 |     38 |      0 |      0 |      0 |   1 |   38.0 |
  Orcish Mines |   4069 |   4066 |      3 |   1302 |    250 |   2 | 2034.5 |
   Elven Halls |   1913 |   1913 |      0 |    312 |    112 |   2 |  956.5 |
         Abyss |    108 |    108 |      0 |     46 |      0 |   1 |  108.0 |
               +--------+--------+--------+--------+--------+-----+--------+

Top non-repeatable levels by time:
     D:2: 5039 daAuts
    D:12: 3747 daAuts
   Orc:2: 3463 daAuts
     D:9: 2352 daAuts
   Elf:1: 1890 daAuts
     D:6: 1849 daAuts
     D:8: 1729 daAuts
     D:5: 1679 daAuts
    D:10: 1617 daAuts
     D:1: 1385 daAuts
     D:3: 1274 daAuts
    D:11: 1222 daAuts
     D:7: 1190 daAuts
     D:4: 1072 daAuts
   Orc:1: 605 daAuts
